 Dungeon Crawl Stone Soup version 0.27-a0-1359-ga2a4dfd6fd (webtiles) character file.

Game seed: 17673626397729310992

161 sanka the Ducker (level 5, -5/38 HPs)
             Began as a Djinni Artificer on June 28, 2021.
             Slain by Crazy Yiuf (6 damage)
             ... on level 3 of the Dungeon.
             The game lasted 00:03:42 (4097 turns).

sanka the Ducker (Djinni Artificer)                 Turns: 4097, Time: 00:03:42

Health: -5/38      AC:  3    Str: 11    XL:     5   Next: 70%
Gold:   144        EV: 12    Int: 13    God:
                   SH:  0    Dex: 14

rFire    + + .     SeeInvis +   q - +1 flail (holy)
rCold    x . .     Faith    .   (no shield)
rNeg     . . .     Spirit   .   b - +0 leather armour
rPois    ∞         Reflect  .   (no helmet)
rElec    .         Harm     .   (no cloak)
rCorr    .         Rampage  .   (no gloves)
Will     .....                  (boots unavailable)
Stlth    +.........             (no amulet)
HPRegen  0.12/turn              (no ring)
MPRegen  0.00/turn              i - ring of see invisible

@: mighty, flying, very slightly contaminated
A: sickness immunity, fire resistance 2, cold vulnerability 1, float, innate
caster, hp casting, extra vitality 1
a: no special abilities


You were on level 3 of the Dungeon.
You visited 1 branch of the dungeon, and saw 3 of its levels.

You collected 144 gold pieces.


Innate Abilities, Weirdness & Mutations

You are immune to sickness and miasma.
You are immune to poison.
Your flesh is very heat resistant. (rF++)
You are vulnerable to cold. (rC-)
You float through the air rather than walking.
You learn spells naturally, not from books.
Your magical power is your life essence.
You have superior vitality. (+4 HP)


   Skills:
 - Level 2.2 Fighting
 - Level 1.0 Armour
 - Level 3.1 Dodging
 - Level 0.7 Stealth
 + Level 2.9 Spellcasting
 - Level 3.0 Evocations


You had 6 spell levels left.
You knew the following spells:

 Your Spells              Type           Power      Damage    Failure   Level
y - Wereblood             Tmut           9%         N/A       14%         2
z - Sting                 Tmut/Pois      36%        1d4       10%         1
Your spell library was empty.

Inventory:

Hand Weapons
 a - a +0 club
 p - a +0 quarterstaff
 q - a +1 flail of holy wrath (weapon)
Armour
 b - a +0 leather armour (worn)
Jewellery
 i - a ring of see invisible (right hand)
Wands
 c - a wand of flame (15) (quivered)
 d - a wand of charming (15)
Scrolls
 g - a scroll of holy word {unknown}
 h - a scroll of noise {unknown}
 j - a scroll of enchant weapon {unknown}
 k - 2 scrolls of enchant armour {unknown}
 l - a scroll of fog {unknown}
 o - a scroll of vulnerability {unknown}
 r - a scroll of identify {unknown}
 s - a scroll of amnesia {unknown}
 u - a scroll of teleportation {unknown}
 v - a scroll of summoning {unknown}
Potions
 f - a potion of degeneration {unknown}
 m - a potion of heal wounds {unknown}
 n - a potion of curing {unknown}
 t - a potion of lignification {unknown}
Miscellaneous
 e - a piece from Xom's chessboard (15/15)

Dungeon Overview and Level Annotations

Branches:
Dungeon (3/15)

Altars:
Cheibriados
Dithmenos
Wu Jian

Annotations:
D:3 Crazy Yiuf

▒.▒ ▒.▒ ▒.....▒.▒▒ ▒▒.▒ ▒.▒
▒.▒....... ▒..▒▒ ▒.▒
▒.▒.▒▒▒▒▒▒ ....▒ ▒.▒ ▒▒▒▒▒
▒.▒)▒ ▒.▒.▒▒▒▒▒▒.▒ ▒)..▒
▒.▒.▒▒▒ ...........▒ ▒...▒
▒.▒...▒ ▒.▒.▒▒▒▒▒▒▒▒ ...
▒.▒▒▒.▒ ....▒▒.....▒ ▒g▒ ▒.▒
▒.▒ ▒.▒▒▒▒.▒▒▒▒▒ ♣R♣♣ ▒.▒ ▒.▒
▒.▒▒▒▒.▒▒▒ ♣♣.♣ ▒.▒ ▒)▒
▒.▒▒.....▒ ♣.♣♣ ▒.▒ ▒.▒
.....▒▒▒(▒ ♣♣.♣ ▒.▒ ▒.▒ .....▒
▒.▒ ♣♣.♣♣ ▒▒▒.▒ ▒.▒ ▒.▒▒.▒▒▒.▒
♣♣...♣ ▒...▒ ▒.▒ ▒.▒▒.....▒
♣....♣ ▒▒▒▒▒ ▒)▒ ▒.▒......▒▒▒
▒▒..▒▒ ▒.▒▒▒▒▒.▒
▒.▒........▒▒▒▒....▒▒▒.......▒


You could see Crazy Yiuf (poisoned).


Message History

There is a stone staircase leading down here.
You see here a +0 club.
Crazy Yiuf shouts!
Crazy Yiuf cries, "Buddy mumblescurry horse!"
Crazy Yiuf yells, "Tosser!"
Could not explore, unopened runed door.
Unknown command.
You reach down and open the door.
Aiming: Sting (safe; 10% risk of failure)
Aim: Crazy Yiuf, wielding a +3 quarterstaff of chaos and wearing a +0 cloak (72% to hit)
The sting hits Crazy Yiuf but does no damage.
Crazy Yiuf is poisoned.
Crazy Yiuf screams, "Proton King green!"
Crazy Yiuf hits you with a +3 quarterstaff of chaos!
You feel very mighty all of a sudden.
Aiming: Sting (safe; 10% risk of failure)
Aim: Crazy Yiuf, wielding a +3 quarterstaff of chaos and wearing a +0 cloak (lightly wounded, poisoned, 72% to hit)
You miscast Sting.
You are very lightly contaminated with residual magic.
Nothing appears to happen.
Crazy Yiuf hits you with a +3 quarterstaff of chaos!
* * * LOW HITPOINT WARNING * * *
Aiming: Sting (safe; 10% risk of failure)
Aim: Crazy Yiuf, wielding a +3 quarterstaff of chaos and wearing a +0 cloak (lightly wounded, poisoned, 72% to hit)
The sting misses Crazy Yiuf.
* * * LOW HITPOINT WARNING * * *
Crazy Yiuf hits you with a +3 quarterstaff of chaos!
* * * LOW HITPOINT WARNING * * *
Crazy Yiuf freezes you.
You die...

Action                   |  1- 3 |  4- 6 || total
-------------------------+-------+-------++-------
Melee: Club              |    95 |    16 ||   111
       Flail             |       |    17 ||    17
 Cast: Sting             |    14 |    41 ||    55
 Stab: Sleeping          |     3 |     1 ||     4
Armor: Leather armour    |    21 |    14 ||    35
Dodge: Dodged            |    67 |    18 ||    85

Levels and vault maps discovered:
D:1:      dpeg_arrival_rhombi, layout_loops_cross
D:2:      layout_rooms, shapermc_ecumenical_altar_mp_urbaneastern,
          minmay_door_square
D:3:      layout_loops_ring, lemuel_round_altar,
          chequers_temple_overflow_statue_of_worship, uniq_crazy_yiuf_cottage,
          uniq_terence

Notes
Turn   | Place    | Note
-------+----------+-------------------------------------------
     0 | D:1      | sanka the Djinni Artificer began the quest for the Orb.
     0 | D:1      | Reached XP level 1. HP: 17/17 MP: 0/0
   270 | D:1      | Reached XP level 2. HP: 7/22 MP: 0/0
  1443 | D:2      | Reached skill level 2 in Fighting
  1443 | D:2      | Reached skill level 3 in Dodging
  1443 | D:2      | Reached XP level 3. HP: 17/28 MP: 0/0
  1443 | D:2      | Learned a level 1 spell: Sting
  1983 | D:2      | Reached skill level 1 in Spellcasting
  2070 | D:2      | Reached XP level 4. HP: 30/33 MP: 0/0
  2115 | D:2      | Found a faded altar of an unknown god.
  2712 | D:3      | Found a shadowy altar of Dithmenos.
  2768 | D:3      | Found a snail-covered altar of Cheibriados.
  2820 | D:3      | Found a runed translucent door.
  2821 | D:3      | Noticed Crazy Yiuf
  3015 | D:3      | Found an ornate altar of the Wu Jian Council.
  3026 | D:3      | Reached skill level 2 in Spellcasting
  3047 | D:3      | Reached XP level 5. HP: 19/38 MP: 0/0
  3047 | D:3      | Learned a level 2 spell: Wereblood
  3398 | D:3      | Noticed Terence
  3411 | D:3      | Killed Terence
  4097 | D:3      | HP: 1/38 [Crazy Yiuf (12)]
  4097 | D:3      | Slain by Crazy Yiuf

Vanquished Creatures
  Terence (D:3)
  An orc wizard (D:3)
  4 adders
  A worm (D:2)
  3 dart slugs
  8 orcs (D:3)
  3 ball pythons
  2 endoplasms
  2 giant cockroaches (D:2)
  6 goblins
  7 hobgoblins
  3 quokkas
  3 bats
  7 frilled lizards
  2 kobolds
  5 rats
58 creatures vanquished.

Vanquished Creatures (others)
  6 fungi (D:2)
  2 plants (D:2)
8 creatures vanquished.

Grand Total: 66 creatures vanquished
